 Dungeon Crawl Stone Soup version 0.20.1-1-g8b1a95d (webtiles) character file.

17 letownia2 the Grave Robber (level 2, 0/22 HPs)
             Began as a Deep Dwarf Necromancer on Dec 22, 2017.
             Slain by a howler monkey skeleton (2 damage)
             ... on level 3 of the Dungeon.
             The game lasted 00:02:08 (460 turns).

letownia2 the Grave Robber (Deep Dwarf Necromancer)  Turns: 460, Time: 00:02:09

Health: 0/22       AC:  5    Str: 11    XL:     2   Next: 44%
Magic:  1/5        EV: 11    Int: 15    God:
Gold:   9          SH:  0    Dex: 13    Spells: 4/5 levels left

rFire    . . .     SeeInvis .   g - +0 hand axe
rCold    . . .     Gourm    .   (no shield)
rNeg     . . .     Faith    .   e - +0 ring mail
rPois    .         Spirit   .   (no helmet)
rElec    .         Reflect  .   (no cloak)
rCorr    .         Harm     .   (no gloves)
MR       .....                  (no boots)
Stlth    +.........             (no amulet)
Regen    0.0/turn               (no ring)
MPRegen  0.1/turn               (no ring)

@: non-regenerating
A: damage resistance, heal wounds, sense surroundings 1, no regeneration
a: Heal Wounds


You were on level 3 of the Dungeon.
You were not hungry.

You visited 1 branch of the dungeon, and saw 4 of its levels.

You collected 9 gold pieces.

Inventory:

Hand Weapons
 g - a +0 hand axe (weapon)
Missiles
 h - 4 tomahawks (quivered)
Armour
 a - a +0 robe
 e - a +0 ring mail (worn)
Jewellery
 d - a cursed -2 ring of evasion {unknown}
Scrolls
 i - a scroll of fear {unknown}
 j - a scroll of identify {unknown}
Potions
 f - 2 potions of heal wounds {unknown}
Books
 b - a book of Necromancy

   Spells                             Type                      Level
   a - Pain                           Necromancy                   1
   b - Animate Skeleton               Necromancy                   1
   c - Vampiric Draining              Necromancy                   3
   d - Regeneration                   Charms/Necromancy            3
   e - Animate Dead                   Necromancy                   4
   f - Control Undead                 Necromancy                   4
Comestibles
 c - a bread ration
 k - 2 chunks of flesh


   Skills:
 - Level 2.1 Dodging
 - Level 2.4 Stealth
 + Level 2.2 Spellcasting
 + Level 4.8 Necromancy


You had 4 spell levels left.
You knew the following spells:

 Your Spells              Type           Power        Failure   Level  Hunger
a - Pain                  Necr           ###.         8%          1    #......


Dungeon Overview and Level Annotations

Branches:
Dungeon (4/15)
 Temple: D:4-7

Altars:

Annotations:
D:2 Natasha


Innate Abilities, Weirdness & Mutations

You are resistant to damage.
You can heal yourself by infusing magical energy.
You passively map a small area around you.
You do not regenerate.


Message History

Casting: Pain
Confirm with . or Enter, or press ? or * to list all spells.
You don't have enough magic to cast that spell.
The jackal misses you. The jackal closely misses you.
You hit the jackal but do no damage.
The jackal is moderately wounded.
The jackal bites you.
The jackal bites you but does no damage.
You hit the jackal.
The jackal is almost dead.
The jackal closely misses you. The jackal bites you.
* * * LOW HITPOINT WARNING * * *
You hit the jackal.
You kill the jackal!
The howler monkey skeleton barely misses you.
You hit the howler monkey skeleton.
The howler monkey skeleton is lightly damaged.
The howler monkey skeleton hits you.
You die...

##..............)..#
#..................#
..................##
...................###
....>................########
...............<..#.........#
..............###...........#
...............####.........#
.............#>.@Z..........#
.###........#######.........#
. ########## #>........#
#.........# ###########


You could see a howler monkey skeleton.

Vanquished Creatures
  A dart slug (D:4)
  2 leopard geckos
  An orc (D:3)
  A ball python (D:4)
  A bat (D:2)
  A goblin (D:3)
  2 jackals (D:3)
  2 rats
11 creatures vanquished.

Notes
Turn   | Place    | Note
-------+----------+-------------------------------------------
     0 | D:1      | letownia2 the Deep Dwarf Necromancer began the quest for the Orb.
     0 | D:1      | Reached XP level 1. HP: 15/15 MP: 3/3
   120 | D:2      | Noticed Natasha
   126 | D:2      | Noticed a crimson imp
   199 | D:2      | Reached XP level 2. HP: 20/22 MP: 0/5
   324 | D:4      | Noticed an ice beast
   370 | D:4      | Noticed a phantom
   460 | D:3      | Slain by a howler monkey skeleton

Skill      XL: |  1 |
---------------+----+-----
Spellcasting   | 2 |  2.2
Dodging        | |  2.1
Stealth        | |  2.4
Necromancy     | |  4.8

Action                   || total
-------------------------++-------
Melee: Unarmed           ||    14
       Hand axe          ||     4
Throw: Tomahawk          ||     1
 Cast: Pain              ||    27
Armor: Ring mail         ||    10
       Robe              ||     4
Dodge: Dodged            ||    45
